 Dungeon Crawl Stone Soup version 0.29.1-15-g9cfb28693d (webtiles) character file.

Game seed: 5267381115898956447

179 tizbic2 the Digger (level 5, -1/38 HPs)
             Began as a Draconian Earth Elementalist on Apr 18, 2023.
             Was an Initiate of Yredelemnul.
             Slain by a scorpion (2 damage)
             ... on level 4 of the Dungeon.
             The game lasted 00:10:06 (3312 turns).

tizbic2 the Digger (Draconian Earth Elementalist)   Turns: 3312, Time: 00:10:07

Health: -1/38      AC:  6    Str: 10    XL:     5   Next: 32%
Magic:  7/9        EV: 12    Int: 17    God:    Yredelemnul [......]
Gold:   132        SH:  0    Dex: 12    Spells: 8/9 levels left

rFire   . . .      SeeInvis .   q - +3 quarterstaff (chaos)
rCold   . . .      Faith    +   (shield currently unavailable)
rNeg    . . .      Spirit   .   (body armour unavailable)
rPois   .          Reflect  .   (helmet restricted)
rElec   .          Harm     .   s - +0 cloak
rCorr   .          Rampage  .   (no gloves)
Will    .....                   (no boots)
Stlth   ++........              b - amulet of faith
HPRegen 0.12/turn               (no ring)
MPRegen 0.11/turn               (no ring)

@: lethally poisoned (-1 -> -8)
A: AC +5, unfitting armour, cold-blooded
a: Renounce Religion, Recall Undead Harvest


You were on level 4 of the Dungeon.
You worshipped Yredelemnul.
Yredelemnul was noncommittal.
You visited 1 branch of the dungeon, and saw 4 of its levels.

You collected 132 gold pieces.

Inventory:

Hand Weapons
 g - a +2 short sword of venom
 i - a +0 mace of protection
 q - a +3 quarterstaff of chaos (weapon)
Missiles
 c - 35 stones (quivered)
 n - 4 poisoned darts
Armour
 s - a +0 cloak (worn)
Jewellery
 b - an amulet of faith (around neck)
Scrolls
 l - a scroll of acquirement {unknown}
 m - a scroll of identify {unknown}
 o - 2 scrolls of teleportation {unknown}
 r - a scroll of summoning {unknown}
Potions
 a - a potion of magic
 d - 2 potions of mutation {unknown}
 e - a potion of flight {unknown}
 f - a potion of attraction {unknown}
 h - a potion of brilliance {unknown}
 j - a potion of ambrosia {unknown}
 k - a potion of curing {unknown}
 p - 2 potions of lignification {unknown}


   Skills:
 + Level 1.6 Short Blades
 + Level 2.7 Dodging
 - Level 1.7 Stealth
 - Level 0.7 Unarmed Combat
 + Level 2.9 Spellcasting
 - Level 1.0 Transmutations
 * Level 4.5 Earth Magic


You had 8 spell levels left.
You knew the following spells:

 Your Spells              Type           Power      Damage    Failure   Level
a - Sandblast             Erth           34%        2d9       2%          1

Your spell library contained the following spells:

 Spells                   Type           Power      Damage    Failure   Level
 Passwall                 Tmut/Erth      9%         N/A       9%          2
 Sting                    Tmut/Pois      16%        1d3       14%         1
 Stone Arrow              Conj/Erth      20%        3d8       22%         3
 Poisonous Vapours        Pois/Air       4%         N/A       26%         2
 Petrify                  Tmut/Erth      11%        N/A       50%         4
 Olgreb's Toxic Radiance  Pois           2%         N/A       87%         4


Dungeon Overview and Level Annotations

Branches:
Dungeon (4/15)
 Temple: D:4-7

Altars:
Fedhas
Kikubaaqudgha
Yredelemnul

Annotations:
D:4 Dowan, Duvessa


Innate Abilities, Weirdness & Mutations

Your plain brown scales are hard. (AC +5)
You cannot fit into any form of body armour.
You are cold-blooded and may be slowed by cold attacks.


Message History

The scorpion closely misses you.
Unknown command.
You hit Duvessa.
Duvessa is heavily wounded.
The scorpion stings you.
* * * LOW HITPOINT WARNING * * *
Duvessa hits you but does no damage. The hobgoblin barely misses you.
Dowan completely misses you.
Your iguana zombie bites Duvessa but does no damage.
The scorpion stings you.
* * * LOW HITPOINT WARNING * * *
You are lethally poisoned!
The scorpion poisons you!
Casting: Sandblast (safe; 2% risk of failure)
Confirm with . or Enter, or press ? or * to list all spells.
Aiming: Sandblast (safe; 2% risk of failure)
Press: ? - help, Shift-Dir - straight line, f - Duvessa
Aim: Duvessa, wielding a +0 short sword and wearing a +0 ring mail (heavily wounded, fast, slow, ally target, 87% to hit)
The blast of sand hits Duvessa but does no damage.
Duvessa is heavily wounded.
* * * LOW HITPOINT WARNING * * *
You feel very sick. Duvessa barely misses you. Dowan completely misses you.
The hobgoblin hits you but does no damage.
The scorpion stings you but does no damage.
Your iguana zombie bites Duvessa.
The hobgoblin hits you but does no damage.
Dowan hits you but does no damage. Duvessa barely misses you.
Casting: Sandblast (safe; 2% risk of failure)
Confirm with . or Enter, or press ? or * to list all spells.
Aiming: Sandblast (safe; 2% risk of failure)
Press: ? - help, Shift-Dir - straight line, f/p - Duvessa
Aim: Duvessa, wielding a +0 short sword and wearing a +0 ring mail (severely wounded, fast, slow, ally target, 87% to hit)
The blast of sand hits Duvessa but does no damage.
Duvessa is severely wounded.
* * * LOW HITPOINT WARNING * * *
You feel very sick. The scorpion stings you.
You die...
Your body rises from the dead as a mindless zombie.

#............#....+
#............#....#
#............#...##
#............#####
#............#
#............#
#.>...)......#
#............#
#......g@Z...#
#......see...#
#............#
#............#
#............#
#............#
#.............
..............


You could see Duvessa (fast, slow, ally target), Dowan, a scorpion, a hobgoblin
and a friendly iguana zombie.

Vanquished Creatures
  Jessica (D:3)
  An iguana (D:4)
  2 adders (D:2)
  2 worms
  2 dart slugs
  5 ball pythons
  3 endoplasms
  2 giant cockroaches
  6 goblins
  6 hobgoblins
  6 jackals
  7 kobolds
  2 quokkas
  7 frilled lizards
  6 rats
58 creatures vanquished.

Vanquished Creatures (collateral kills)
  Crazy Yiuf (D:3)
  An adder (D:3)
  An orc (D:3)
  A frilled lizard (D:3)
  A rat (D:3)
5 creatures vanquished.

Vanquished Creatures (others)
  2 goblin zombies (D:4)
  2 withered plants (D:3)
4 creatures vanquished.

Grand Total: 67 creatures vanquished

Notes
Turn   | Place    | Note
-------+----------+-------------------------------------------
     0 | D:1      | tizbic2 the Draconian Earth Elementalist began the quest
                  | for the Orb.
     0 | D:1      | Reached XP level 1. HP: 14/14 MP: 3/3
   428 | D:1      | Reached XP level 2. HP: 18/20 MP: 1/5
  1405 | D:2      | Reached XP level 3. HP: 23/26 MP: 3/6
  2078 | D:3      | Found a faded altar of an unknown god.
  2100 | D:3      | Prayed at the altar of an unknown god.
  2100 | D:3      | Became a worshipper of Yredelemnul the Dark
  2100 | D:3      | Reached * piety under Yredelemnul
  2123 | D:3      | Reached XP level 4. HP: 24/33 MP: 7/7
  2259 | D:3      | Reached skill level 4 in Earth Magic
  2261 | D:3      | Reached ** piety under Yredelemnul
  2269 | D:3      | Found an ancient bone altar of Kikubaaqudgha.
  2271 | D:3      | Found a blossoming altar of Fedhas.
  2277 | D:3      | Reached skill level 1 in Short Blades
  2314 | D:3      | Reached *** piety under Yredelemnul
  2475 | D:3      | Noticed Jessica
  2486 | D:3      | Killed Jessica
  2825 | D:3      | Found a runed translucent door.
  2826 | D:3      | Noticed Crazy Yiuf
  2835 | D:3      | Paralysed by Crazy Yiuf for 3 turns
  2838 | D:3      | Killed Crazy Yiuf
  2839 | D:3      | Reached XP level 5. HP: 4/38 MP: 9/9
  2841 | D:3      | HP: 1/38 [poisoned by Crazy Yiuf]
  3301 | D:4      | Noticed Duvessa
  3302 | D:4      | Noticed Dowan
  3312 | D:4      | HP: 1/38 [poisoned by a scorpion]
  3312 | D:4      | Slain by a scorpion

Illustrated notes

Levels and vault maps discovered:
D:1:      noname_arrival_rooms_in_the_neighbourhood, layout_basic,
          minmay_split_cup_large
D:2:      layout_loops_cross
D:3:      layout_basic, grunt_temple_overflow_growth_and_decay,
          shapermc_ecumenical_altar_ellora, uniq_crazy_yiuf_cottage,
          uniq_jessica
D:4:      layout_gridville, minmay_temple_entry_metal_lava, hex_large,
          uniq_pikel, uniq_edmund, uniq_duvessa

Skill      XL: |  1  2  3  4 |
---------------+-------------+-----
Dodging        | 2 |  2.7
Earth Magic    | 4 |  4.5
Short Blades   | 1 |  1.6
Stealth        | |  1.7
Unarmed Combat | |  0.7
Spellcasting   | |  2.9
Transmutations | |  1.0

Action                   |  1- 3 |  4- 6 || total
-------------------------+-------+-------++-------
Melee: Unarmed           |    13 |       ||    13
       Tailslap          |     6 |     6 ||    12
       Hand axe          |     9 |       ||     9
       Short sword       |    49 |    27 ||    76
       Dagger            |     4 |       ||     4
       Punch             |     1 |     1 ||     2
       Mace              |       |     5 ||     5
       Quarterstaff      |       |    13 ||    13
Throw: Stone             |     1 |       ||     1
 Cast: Sandblast         |    25 |     2 ||    27
Invok: Dark Bargain      |       |     1 ||     1
  Use: Scroll            |     1 |     2 ||     3
 Stab: Sleeping          |     2 |     3 ||     5
       Distracted        |       |     1 ||     1
Armor: Skin              |    25 |    12 ||    37
Dodge: Dodged            |    51 |    31 ||    82
